 Dungeon Crawl Stone Soup version 0.31-a0-986-g5e6e4ef867 (webtiles) character file.

Game seed: 15816931491849098402

93795 strifetoe the Spry (level 16, -1/123 HPs)
             Began as a Djinni Earth Elementalist on Nov 11, 2023.
             Was the Champion of Makhleb.
             Slain by a dire elephant (3 damage)
             ... on level 3 of the Abyss on Nov 12, 2023.
             The game lasted 01:18:06 (22022 turns).

strifetoe the Spry (Djinni Earth Elementalist)     Turns: 22022, Time: 01:18:07

Health: -1/123     AC: 13    Str:  7    XL:     16   Next: 58%
Gold:   1281       EV: 21    Int: 25    God:    Makhleb [******] SH:  5 Dex: 14

rFire   + . .        a - staff of earth
rCold   x . .        (no shield)
rNeg    . . .        L - +0 swamp dragon scales
rPois   ∞            j - +0 helmet
rElec   .            u - scarf {shadows}
rCorr   .            h - +1 pair of gloves
SInv    .            (boots unavailable)
Will    +....        p - amulet "Nyuhiach" {Reflect Rampage rF- Regen+ SH+5}
Stlth   +            (no ring)
HPRegen 1.20/turn    k - +5 ring of evasion
MPRegen 0.00/turn

%: reflection, rampage, infuse magic (-2 HP)
@: flying, studying Dodging
A: sickness immunity, fire resistance 2, cold vulnerability 1, float, innate
caster, HP casting, extra vitality 1, inability to drink after injury 1,
MP-powered wands
a: Renounce Religion, Minor Destruction, Lesser Servant of Makhleb, Major
Destruction, Greater Servant of Makhleb


You were on level 3 of the Abyss.
You worshipped Makhleb.
Makhleb was exalted by your worship.
You visited 5 branches of the dungeon, and saw 22 of its levels.
You visited the Abyss 1 time.
You also visited: Sewer, Ossuary and Ice Cave.

You collected 2720 gold pieces.
You spent 1439 gold pieces at shops.

Inventory:

Hand Weapons
 y - a +5 short sword of protection
 E - a +2 vampiric demon blade
Missiles
 q - 4 throwing nets
Armour
 h - a +1 pair of gloves (worn)
 j - a +0 helmet (worn)
 r - the +2 leather armour of the Playwright {rPois rF++ SInv}
   (You found it on level 5 of the Dungeon)

   rF++:      It greatly protects you from fire.
   rPois:     It protects you from poison SInv: It lets you see invisible.
 u - a scarf of shadows (worn)
 x - a +2 robe of cold resistance
 K - +0 fire dragon scales
 L - +0 swamp dragon scales (worn)
 M - a +2 robe of willpower
 O - the -1 buckler of Soft Rains {Str+3 Dex-4 SInv}
   (You bought it in a shop on level 1 of the Orcish Mines)

   Str+3:     It affects your strength (+3).
   Dex-4:     It affects your dexterity (-4).
   SInv:      It lets you see invisible.
 P - a +2 kite shield of reflection
Magical Staves
 a - a staff of earth (weapon)
Jewellery
 k - a +5 ring of evasion (right hand)
 m - a ring of ice
 p - the amulet "Nyuhiach" (around neck) {Reflect Rampage rF- Regen+ SH+5}
   (You found it on level 5 of the Dungeon)

   [amulet of reflection]

   Reflect:   It reflects blocked missile attacks.
   rF-:       It makes you vulnerable to fire.
   Regen+:    It increases your rate of health regeneration.
   SH+5:      It affects your SH (+5).
   Rampage:   It bestows one free step when moving towards enemies.
 s - a ring of resist corrosion
 z - the ring "Gievvom" {rC+ Int+7 Dex+3 SInv}
   (You acquired it on level 8 of the Dungeon)

   [ring of see invisible]

   Int+7:     It affects your intelligence (+7).
   Dex+3:     It affects your dexterity (+3).
   rC+:       It protects you from cold.
   SInv:      It lets you see invisible.
 N - a ring of wizardry
Wands
 e - a wand of polymorph (15)
 C - a wand of iceblast (19)
 D - a wand of acid (5)
 I - a wand of paralysis (1)
Scrolls
 n - 6 scrolls of teleportation
 t - 2 scrolls of fog
 v - 2 scrolls of fear
 A - 13 scrolls of identify
 B - a scroll of blinking
 F - 3 scrolls of enchant armour
 G - a scroll of immolation
 H - 3 scrolls of summoning
Potions
 b - 5 potions of might
 d - 3 potions of haste
 g - 4 potions of berserk rage
 i - 4 potions of resistance
 l - 4 potions of brilliance
 o - a potion of lignification
 w - 5 potions of mutation
 J - 2 potions of cancellation


   Skills:
 - Level 14.0 Fighting
 - Level 9.1 Armour
 + Level 16.1 Dodging
 - Level 1.5 Stealth
 + Level 2.6 Shields
 - Level 12.0 Spellcasting
 - Level 12.0 Conjurations
 - Level 12.0 Hexes
 - Level 12.0 Summonings
 - Level 12.0 Necromancy
 - Level 12.0 Translocations
 - Level 12.0 Transmutations
 - Level 12.0 Fire Magic
 - Level 12.0 Ice Magic
 - Level 12.0 Air Magic
 - Level 12.0 Earth Magic
 - Level 12.0 Poison Magic
 + Level 9.9 Invocations


You knew the following spells:

 Your Spells              Type           Power      Damage    Failure   Level
a - Sandblast             Erth           100%       2d20      1%          1
b - Passwall              Tmut/Erth      70%        N/A       1%          2
c - Stone Arrow           Conj/Erth      100%       3d13      1%          3
d - Petrify               Tmut/Erth      85%        N/A       1%          4
e - Brom's Barrelling Bo  Conj/Erth      85%        2d10      1%          4
f - Foxfire               Conj/Fire      100%       2x1d9     1%          1
g - Jinxbite              Hex            100%       N/A       1%          2
h - Lesser Beckoning      Tloc           100%       N/A       1%          2
i - Fulminant Prism       Conj/Hex       33%        3d15      1%          4
j - Summon Mana Viper     Hex/Summ       66%        N/A       2%          5
k - Alistair's Intoxicat  Tmut/Pois      44%        N/A       2%          5
l - Conjure Ball Lightni  Conj/Air       33%        3x3d11    12%         6
Your spell library was empty.

Dungeon Overview and Level Annotations

Branches:
Dungeon (13/15)            Temple (1/1) D:6            Lair (5/5) D:10
  Swamp (0/4) Lair:2       Spider (0/4) Lair:3        Slime (0/5) Lair:4
    Orc (2/2) D:10            Elf (1/3) Orc:2         Sewer (visited)
Ossuary (visited)           IceCv (visited)
 Vaults: D:13-14

Altars:
Ashenzari
Cheibriados
Dithmenos
Elyvilon
Fedhas
Gozag
Hepliaklqana
Makhleb
Nemelex Xobeh
Okawaru
Qazlal
Ru
Trog
Uskayaw
Wu Jian
Xom
Yredelemnul
Zin
The Shining One

Shops:
D:11 :   D:13 =!   Orc:1 :([[   Orc:2 =*[(


Innate Abilities, Weirdness & Mutations

You are immune to sickness and miasma.
You are immune to poison.
Your flesh is very heat resistant. (rF++)
You are vulnerable to cold. (rC-)
You float through the air rather than walking.
You learn spells naturally, not from books.
Your magical power is your life essence.
You have superior vitality. (+4 MHP)
You occasionally lose the ability to drink potions when taking damage.
You expend health (3 HP) to strengthen your wands.


Message History

The spatial maelstrom barely misses you.
You block the spatial maelstrom's attack.
You block the spatial vortex's attack. The smoke demon closely misses you.
The smoke demon barely misses you. The smoke demon misses you.
The purple draconian shifter gestures at you while chanting.
The spatial vortex blinks! x2
The dire elephant tramples you but does no damage.
The dire elephant trunk-slaps you but does no damage.
Okay, then.
Unknown command.
You hit the spatial vortex.
The spatial vortex is lightly damaged.
The spatial vortex closely misses you. The smoke demon hits you.
* * * LOW HITPOINT WARNING * * *
The smoke demon hits you but does no damage. x2
A hellephant comes into view.
The dire elephant barely misses you.
The dire elephant trunk-slaps you but does no damage.
The spatial maelstrom misses you.
The spatial maelstrom closely misses you.
You feel better.
The spatial maelstrom completely misses you.
The spatial maelstrom closely misses you.
A chorus of shrieks assaults your mind.
* * * LOW HITPOINT WARNING * * *
The purple draconian shifter mumbles some strange words.
The purple draconian shifter blinks!
The smoke demon misses you. The smoke demon completely misses you.
The smoke demon misses you.
The purple draconian shifter gestures wildly while chanting.
The purple draconian shifter blinks!
The dire elephant completely misses you.
The dire elephant misses you.
The purple draconian shifter casts a spell.
The purple draconian shifter blinks!
The hellephant blinks!
The spatial maelstrom hits you but does no damage.
The spatial maelstrom closely misses you.
The dire elephant tramples you!!
* * * LOW HITPOINT WARNING * * *
You hold your ground!
The dire elephant trunk-slaps you.
You die...

#.≈§§§≈≈ #
##≈⌠§§§ ≈≈
....⌠.≈§##≈≈≈
#Y≈§##v≈..
#§≈##≈≈...
#≈≈v≈≈YY#
##≈3≈≈Yq##
#Y≈≈≈YYq# φ
##v≈@§Y.## .
...
##§≈≈≈§Y§# ##
♣ . .
..#≈≈##§§.Y.
. ...
.#.#.X§§
#≈≈§. . . .
##.#§.≈ #≈§≈
≈ ♣ # .
..#.##≈§. ≈
≈≈≈≈§§ . ##
#.≈ . § ≈≈≈ .
.... . ⌠.≈. .
. ~ . . . .
#' # .... # .


You could see 2 hellephants, a starcursed mass, 7 dire elephants, 2 draconians,
a spatial maelstrom, an elephant, 2 spatial vortices and a smoke demon.

Vanquished Creatures
  A frost giant (IceCv)
  An orc warlord (Orc:2)
  Snorg (D:12)
  A fire dragon (Lair:5)
  Fannar (D:11)
  2 hydras
  2 catoblepae
  4 two-headed ogres
  A dancing weapon (Orc:2)
  10 death yaks
  A boulder beetle (Lair:5)
  2 orc high priests (Orc:2)
  A skyshark (Lair:5)
  A swamp dragon (Lair:5)
  3 orc knights
  2 deep elf zephyrmancers (Elf:1)
  4 deep elf pyromancers (Elf:1)
  A wolf spider (Lair:5)
  2 ugly things
  3 orc sorcerers (Orc:2)
  A cyclops (D:11)
  3 elephants
  An ice statue (D:10)
  A guardian serpent (Lair:5)
  10 black mambas
  An orange demon (D:8)
  A smoke demon (Abyss:3)
  8 cane toads
  A torpor snail (Lair:3)
  Psyche (D:8)
  An unseen horror (D:9)
  A kobold demonologist (D:9)
  8 komodo dragons
  A tengu conjurer (D:13)
  10 rime drakes
  6 trolls
  5 polar bears
  3 hornets
  10 blink frogs
  4 slime creatures (D:12)
  54 yaks
  A shadow (D:12)
  An air elemental (Elf:1)
  5 wraiths
  A vampire (D:10)
  8 wyverns
  4 steam dragons
  3 basilisks
  A neqoxec (Abyss:3)
  A redback (Lair:4)
  3 vampire mosquitoes (D:7)
  Menkaure (D:5)
  Edmund (D:5)
  21 water moccasins
  2 acid dragons
  Duvessa (D:7)
  2 small abominations (Abyss:3)
  Pargi (Sewer)
  3 hornet zombies (D:7)
  27 orc warriors
  2 swamp drakes (Lair:5)
  2 black bears
  2 ice beasts
  A sky beast (D:7)
  11 ogres
  13 wolves
  6 centaurs
  4 kobold brigands
  A nameless horror (D:12)
  6 bullfrogs
  2 wyvern zombies (D:7)
  A gnoll sergeant (D:8)
  3 scorpions
  An earth elemental (Elf:1)
  14 wights (D:7)
  Dowan (D:7)
  9 killer bees
  2 howler monkeys
  7 electric eels
  3 bullfrog zombies (D:7)
  8 hounds
  20 orc priests
  2 sleepcaps
  2 gnoll boudas (D:6)
  16 orc wizards
  4 iguanas
  2 hell rats (Lair:4)
  4 killer bee zombies (D:7)
  8 mummies (Ossuary)
  A howler monkey zombie (D:7)
  13 gnolls
  12 adders
  9 river rats (D:5)
  A shadow imp (D:8)
  3 white imps
  2 ufetubi (D:5)
  A worm (D:3)
  3 dart slugs
  83 orcs
  6 endoplasms
  11 giant cockroaches
  11 goblins
  11 hobgoblins
  4 jackals (D:1)
  13 kobolds
  14 quokkas
  6 ball pythons
  14 bats
  3 frilled lizards
  A gnoll zombie (Ossuary)
  2 hobgoblin zombies (Ossuary)
  2 kobold zombies (Ossuary)
  3 orc zombies (Ossuary)
  19 rats
  A lurking horror (Abyss:3)
668 creatures vanquished.

Vanquished Creatures (collateral kills)
  A centaur warrior (D:13)
  3 boulder beetles
  A two-headed ogre (D:12)
  A tengu warrior (D:13)
  2 orc high priests (Orc:2)
  10 death yaks
  Sonja (Orc:2)
  A wretched star (Abyss:3)
  Amaemon (D:8)
  2 lindwurms (Lair:4)
  An ugly thing (D:12)
  An orc sorcerer (Orc:2)
  2 orc knights (Orc:2)
  A cyclops (Orc:2)
  An elephant (Lair:3)
  An ice statue (IceCv)
  2 black mambas
  5 cane toads
  A kobold demonologist (D:13)
  2 trolls
  2 polar bears (Lair:5)
  4 slime creatures (D:12)
  3 wyverns (Lair:5)
  A redback (Lair:5)
  11 yaks
  5 basilisks
  A steam dragon (Lair:5)
  3 wargs
  3 water moccasins
  12 orc warriors
  5 wolves
  2 scorpions (Lair:3)
  6 orc priests (Orc:2)
  5 hell rats
  4 orc wizards (Orc:2)
  A worm (Lair:3)
  28 orcs
  9 kobolds
  19 boulders
164 creatures vanquished.

Vanquished Creatures (others)
  An orc (Orc:2)
  8 ball lightnings
  16 boulders
  16 foxfires
  71 fulminant prisms
112 creatures vanquished.

Grand Total: 944 creatures vanquished

Notes
Turn   | Place    | Note
-------+----------+-------------------------------------------
     0 | D:1      | strifetoe the Djinni Earth Elementalist began the quest for
                  | the Orb.
     0 | D:1      | strifetoe set off with the following spells memorised:
                  | Sandblast, Passwall, Stone Arrow, Petrify, Brom's
                  | Barrelling Boulder.
     0 | D:1      | Reached XP level 1. HP: 15/15 MP: 0/0
   124 | D:1      | Reached XP level 2. HP: 21/21 MP: 0/0
   193 | D:1      | Reached XP level 3. HP: 20/25 MP: 0/0
   193 | D:1      | Learned a level 1 spell: Foxfire
  1386 | D:2      | Reached XP level 4. HP: 29/31 MP: 0/0
  2312 | D:3      | Reached XP level 5. HP: 32/35 MP: 0/0
  2312 | D:3      | Learned a level 2 spell: Jinxbite
  2934 | D:3      | Reached skill level 5 in Spellcasting
  2934 | D:3      | Reached skill level 5 in Conjurations
  2934 | D:3      | Reached skill level 5 in Hexes
  2934 | D:3      | Reached skill level 5 in Summonings
  2934 | D:3      | Reached skill level 5 in Necromancy
  2934 | D:3      | Reached skill level 5 in Translocations
  2934 | D:3      | Reached skill level 5 in Transmutations
  2934 | D:3      | Reached skill level 5 in Fire Magic
  2934 | D:3      | Reached skill level 5 in Ice Magic
  2934 | D:3      | Reached skill level 5 in Air Magic
  2934 | D:3      | Reached skill level 5 in Earth Magic
  2934 | D:3      | Reached skill level 5 in Poison Magic
  2934 | D:3      | Reached XP level 6. HP: 26/40 MP: 0/0
  3203 | D:3      | Gained mutation: You expend health (3 HP) to strengthen
                  | your wands. [potion of mutation]
  3203 | D:3      | Gained mutation: You occasionally lose the ability to drink
                  | potions when taking damage. [potion of mutation]
  3203 | D:3      | Gained mutation: Your muscles are strong. (Str +4, Int/Dex
                  | -1) [potion of mutation]
  3506 | D:4      | Noticed a water moccasin
  3508 | D:4      | Killed a water moccasin
  3509 | D:4      | Reached skill level 1 in Fighting
  3509 | D:4      | Reached skill level 3 in Dodging
  3641 | D:4      | Found an iron altar of Okawaru.
  3718 | D:4      | Reached XP level 7. HP: 37/49 MP: 0/0
  3718 | D:4      | Learned a level 2 spell: Lesser Beckoning
  4333 | D:5      | Entered Level 5 of the Dungeon
  4339 | D:5      | Reached skill level 4 in Dodging
  4373 | D:5      | Identified the amulet "Nyuhiach" {Reflect Rampage rF-
                  | Regen+ SH+5}
  4509 | D:5      | Reached skill level 5 in Dodging
  4509 | D:5      | Reached XP level 8. HP: 55/58 MP: 0/0
  4523 | D:5      | Identified the +2 leather armour of the Playwright {rPois
                  | rF++ SInv}
  4618 | D:5      | Found a glowing drain.
  4642 | Sewer    | Entered a sewer
  4667 | Sewer    | Noticed Pargi
  4678 | Sewer    | Killed Pargi
  5177 | D:5      | Reached skill level 5 in Fighting
  5273 | D:5      | Noticed Menkaure
  5276 | D:5      | Killed Menkaure
  5307 | D:5      | Noticed Edmund
  5315 | D:5      | Killed Edmund
  5316 | D:5      | Reached XP level 9. HP: 54/66 MP: 0/0
  5316 | D:5      | Learned a level 4 spell: Fulminant Prism
  5624 | D:6      | Reached skill level 1 in Armour
  5861 | D:6      | Found a staircase to the Ecumenical Temple.
  5890 | Temple   | Entered the Ecumenical Temple
  5912 | Temple   | Became a worshipper of Makhleb the Destroyer
  6325 | D:6      | Found an ornate altar of the Wu Jian Council.
  6337 | D:6      | Found a white marble altar of Elyvilon.
  6980 | D:7      | Reached skill level 5 in Armour
  6984 | D:7      | Reached XP level 10. HP: 66/72 MP: 0/0
  7057 | D:7      | Reached * piety under Makhleb
  7317 | D:7      | Reached skill level 6 in Dodging
  7598 | D:7      | Found a glowing golden altar of the Shining One.
  7722 | D:7      | Reached ** piety under Makhleb
  7761 | D:7      | Noticed Duvessa
  7762 | D:7      | Noticed Dowan
  7765 | D:7      | Killed Dowan
  7766 | D:7      | Killed Duvessa
  7937 | D:8      | Noticed a two-headed ogre
  7952 | D:8      | Killed a two-headed ogre
  7953 | D:8      | Reached skill level 7 in Dodging
  8019 | D:8      | Found a sand-covered staircase.
  8025 | Ossuary  | Entered an ossuary
  8213 | D:8      | Noticed an orange demon
  8217 | D:8      | Noticed Amaemon
  8226 | D:8      | Killed an orange demon
  8227 | D:8      | Reached XP level 11. HP: 81/81 MP: 0/0
  8227 | D:8      | Learned a level 5 spell: Summon Mana Viper
  8237 | D:8      | Noticed Psyche
  8239 | D:8      | Killed Amaemon
  8240 | D:8      | Reached skill level 8 in Dodging
  8248 | D:8      | Killed Psyche
  8438 | D:8      | Found a shadowy altar of Dithmenos.
  8462 | D:8      | Reached *** piety under Makhleb
  8650 | D:8      | Identified a scroll of acquirement
  8650 | D:8      | Acquired the ring "Gievvom" {rC+ Int+7 Dex+3 SInv}
  8683 | D:9      | Reached skill level 9 in Dodging
  8837 | D:9      | Found a sacrificial altar of Ru.
  9093 | D:9      | Reached **** piety under Makhleb
  9580 | D:10     | Entered Level 10 of the Dungeon
  9662 | D:10     | Reached skill level 1 in Invocations
  9687 | D:10     | Reached skill level 10 in Fighting
  9687 | D:10     | Reached XP level 12. HP: 61/91 MP: 0/0
  9774 | D:10     | Reached skill level 10 in Dodging
  9785 | D:10     | Found a shimmering altar of Xom.
  9881 | D:10     | Noticed a death yak
  9885 | D:10     | Killed a death yak
  9896 | D:10     | Found a staircase to the Lair.
  9898 | D:10     | Noticed a death yak
  9918 | D:10     | Noticed a death yak
  9945 | D:10     | Killed a death yak
  9961 | D:10     | Killed a death yak
  9991 | D:10     | You are sucked into a shaft and drop 1 floor!
 10356 | D:10     | Reached ***** piety under Makhleb
 10520 | D:10     | Found a staircase to the Orcish Mines.
 10612 | D:10     | Reached skill level 11 in Dodging
 10845 | D:11     | Reached skill level 5 in Invocations
 10853 | D:11     | Found Rastasi's Book Boutique.
 11080 | D:11     | Noticed a two-headed ogre
 11093 | D:11     | Killed a two-headed ogre
 11387 | D:12     | Noticed a two-headed ogre
 11481 | D:12     | Noticed Fannar
 11508 | D:11     | Killed Fannar
 11509 | D:11     | Reached XP level 13. HP: 45/99 MP: 0/0
 11509 | D:11     | Learned a level 5 spell: Alistair's Intoxication
 11671 | D:12     | Reached skill level 12 in Dodging
 12004 | D:12     | Noticed Snorg
 12014 | D:12     | Killed Snorg
 12500 | Lair:1   | Entered Level 1 of the Lair of Beasts
 12621 | Lair:1   | Reached skill level 13 in Dodging
 12660 | Lair:1   | Noticed a catoblepas
 12682 | Lair:1   | Killed a catoblepas
 13379 | Lair:2   | Noticed a catoblepas
 13386 | Lair:2   | Reached ****** piety under Makhleb
 13387 | Lair:2   | Reached skill level 10 in Spellcasting
 13387 | Lair:2   | Reached skill level 10 in Conjurations
 13387 | Lair:2   | Reached skill level 10 in Hexes
 13387 | Lair:2   | Reached skill level 10 in Summonings
 13387 | Lair:2   | Reached skill level 10 in Necromancy
 13387 | Lair:2   | Reached skill level 10 in Translocations
 13387 | Lair:2   | Reached skill level 10 in Transmutations
 13387 | Lair:2   | Reached skill level 10 in Fire Magic
 13387 | Lair:2   | Reached skill level 10 in Ice Magic
 13387 | Lair:2   | Reached skill level 10 in Air Magic
 13387 | Lair:2   | Reached skill level 10 in Earth Magic
 13387 | Lair:2   | Reached skill level 10 in Poison Magic
 13394 | Lair:2   | Killed a catoblepas
 13395 | Lair:2   | Reached XP level 14. HP: 70/110 MP: 0/0
 13461 | Lair:2   | Found a staircase to the Swamp.
 14031 | Lair:2   | Identified the +8 ring mail "Naimim" {Str+4}
 14423 | Lair:3   | Reached skill level 14 in Dodging
 14570 | Lair:3   | Found a hole to the Spider Nest.
 16091 | Lair:4   | Found a staircase to the Slime Pits.
 16305 | Lair:5   | Entered Level 5 of the Lair of Beasts
 16454 | Lair:5   | Reached skill level 15 in Dodging
 16535 | Lair:5   | Reached XP level 15. HP: 93/117 MP: 0/0
 16535 | Lair:5   | Learned a level 6 spell: Conjure Ball Lightning
 18239 | Orc:1    | Entered Level 1 of the Orcish Mines
 18296 | IceCv    | Identified the "Penlash"
 18296 | Orc:2    | Entered Level 2 of the Orcish Mines
 18414 | Orc:2    | Found a frozen archway.
 18426 | IceCv    | Entered an ice cave
 18718 | IceCv    | Noticed a frost giant
 18739 | IceCv    | Killed a frost giant
 18881 | IceCv    | Reached XP level 16. HP: 113/123 MP: 0/0
 19402 | Orc:2    | Found a staircase to the Elven Halls.
 19846 | Orc:2    | Lost mutation: Your muscles are strong. (Str +4, Int/Dex
                  | -1) [a neqoxec]
 20064 | Orc:2    | Noticed Sonja
 20071 | Orc:2    | Killed Sonja
 20172 | Orc:2    | Found Keahou's General Store.
 20194 | Orc:2    | Found Koc Fegg's Jewellery Boutique.
 20196 | Orc:2    | Found Nonodink's Antique Armour Boutique.
 20196 | Orc:2    | Found Posakeus's Antique Weapon Shop.
 20338 | Orc:1    | Found Mamyfom's Antique Weapon Shoppe.
 20367 | Orc:1    | Found Ycvarr's Book Shoppe.
 20557 | Orc:1    | Found Poygotir's Armour Boutique.
 20582 | Orc:1    | Found Cuug's Antique Armour Emporium.
 20733 | Orc:1    | Bought a manual of Dodging for 960 gold pieces
 20783 | Orc:1    | Bought the -1 buckler of Soft Rains {Str+3 Dex-4 SInv} for
                  | 137 gold pieces
 20790 | Orc:1    | Bought a twisted chain mail for 294 gold pieces
 20790 | Orc:1    | Identified the +0 chain mail of Xehocury {rF+ MP+9} (You
                  | bought it in a shop on level 1 of the Orcish Mines)
 20911 | Desolati | Identified the of Koeczit
 20911 | Desolati | Identified the "Iniest"
 20911 | Desolati | Identified the "Paobeutt"
 20911 | Depths:3 | Identified the "Wyunaoc"
 20911 | Elf:1    | Identified the "Bepyujur"
 20911 | Elf:1    | Entered Level 1 of the Elven Halls
 21009 | Elf:1    | Reached skill level 1 in Shields
 21055 | Elf:1    | Paralysed by an air elemental for 1 turns
 21057 | Elf:1    | Paralysed by an air elemental for 1 turns
 21382 | D:13     | Found Kaomm's Distillery.
 21414 | D:13     | Bought a potion of curing for 48 gold pieces
 21450 | D:13     | Found Haodofre's Jewellery Boutique.
 21520 | D:13     | Reached skill level 16 in Dodging
 21770 | Abyss:3  | Cast into level 3 of the Abyss (vault guard)
 21961 | Abyss:3  | Noticed a hellephant
 22019 | Abyss:3  | Noticed a hellephant
 22022 | Abyss:3  | HP: 2/123 [dire elephant (28)]
 22022 | Abyss:3  | Slain by a dire elephant

Illustrated notes

Levels and vault maps discovered:
D:1:      roadster_arrival_rocket_small, layout_loops_ring, serial_forest,
          infiniplex_forest_lined_2, infiniplex_forest_lined_2,
          infiniplex_forest_lined_2, infiniplex_forest_clump_C,
          infiniplex_forest_zigzag_1, infiniplex_forest_straight_3,
          infiniplex_forest_clump_diagonal, infiniplex_forest_clump_C,
          infiniplex_forest_straight_4, nicolae_kite_square_tiling_tiny
D:2:      layout_loops_corners
D:3:      layout_loops_ring
D:4:      layout_loops_corners, mainiacjoe_overflow_catwalk,
          minmay_fountain_box, dk_noncrumbling_3
D:5:      lemuel_ratsnest, layout_loops_cross, gup_sewer_entry_pipe,
          minmay_misc_feat_columns, corner_web_ring, grunt_ministairs_6,
          minivault_5, uniq_menkaure, uniq_edmund
D:6:      layout_gridville, mainiacjoe_overflow_large_starburst,
          minmay_temple_entry_statues_fountains
D:7:      layout_loops_corners, lemuel_blue_sif_altar, general_overflow_altar,
          serial_undead, serial_undead_f, serial_undead_b, serial_undead_a,
          serial_undead_c, serial_undead_b, serial_undead_b, serial_undead_f,
          serial_undead_f, serial_undead_a, serial_undead_f,
          minmay_misc_feat_chi, chequers_serial_rivers_marsh, uniq_duvessa
D:8:      layout_rooms, lemuel_round_altar, lemuel_crystal_altar,
          nicolae_ossuary_entry_plus, uniq_psyche, uniq_amaemon
D:9:      layout_roguey [special_room_orc], mainiacjoe_overflow_24_doors,
          minmay_misc_feat_doors, lemuel_flame_loot_1
D:10:     layout_long_grid, amcnicky_altar_gilded, dpeg_lair_monsters,
          hiddenorc1_lemuel, minmay_misc_feat_square, serial_bayou_pond_a,
          minivault_16
D:11:     layout_irregular_city, serial_shops, nicolae_diamond_shop
D:12:     layout_roguey [special_room_orc], uniq_fannar, uniq_snorg
D:13:     layout_layer_cave, lightli_vaults_fourway_checkpoint, serial_shops,
          nicolae_shop_rolled_up, shop, shop, shop, shop
Temple:   hellmonk_temple_forest_ring
Lair:1:   wander_river, layout_loops_ring, minmay_hedge_maze, minivault_25
Lair:2:   layout_regular_city, minmay_swamp_entry_eels, serial_bayou,
          serial_bayou_lake_a, serial_bayou_pond_b, serial_bayou_pond_d,
          serial_bayou_pond_d, serial_bayou_pond_e, serial_bayou_lagoon_b,
          st_stairs_4, lemuel_fruit_tree
Lair:3:   layout_regular_city, nicolae_spider_entry_non_spiders,
          nzn_sisyphean_effort
Lair:4:   layout_regular_city, slime_entry_1, grunt_megastairs_2,
          infiniplex_staircase_pool
Lair:5:   hangedman_lair_tendril_chambers, layout_long_grid,
          guppyfry_lair_end_dragon, lemuel_old_faithful
Orc:1:    layout_diamond_mine, basic_altar, serial_shops, nicolae_shop_stone,
          nicolae_shop_tiny_glass, nicolae_shop_statue_plus, shop
Orc:2:    st_orc_congregation, layout_caves, portal_ice_cave_rime, uniq_sonja
Elf:1:    layout_rooms, serial_shops, nicolae_shop_statue_plus,
          minmay_elf_sorcery, item_on_display_a, grunt_megastairs_1
Abyss:3:  base: D:10, nicolae_abyss_rune_star_stuff, hangedman_abyss_mock_shop,
          nicolae_abyss_rune_star_stuff, evilmike_abyss_rune_elephants_shrine

Skill      XL: |  1  2  3  4  5  6  7  8  9 10 11 12 13 14 15 16 |
---------------+-------------------------------------------------+-----
Spellcasting   | 4 5 6 7 8 9 10 11 12 | 12.0
Conjurations   | 4 5 6 7 8 9 10 11 12 | 12.0
Hexes          | 4 5 6 7 8 9 10 11 12 | 12.0
Summonings     | 4 5 6 7 8 9 10 11 12 | 12.0
Necromancy     | 4 5 6 7 8 9 10 11 12 | 12.0
Translocations | 4 5 6 7 8 9 10 11 12 | 12.0
Transmutations | 4 5 6 7 8 9 10 11 12 | 12.0
Fire Magic     | 4 5 6 7 8 9 10 11 12 | 12.0
Ice Magic      | 4 5 6 7 8 9 10 11 12 | 12.0
Air Magic      | 4 5 6 7 8 9 10 11 12 | 12.0
Earth Magic    | 4 5 6 7 8 9 10 11 12 | 12.0
Poison Magic   | 4 5 6 7 8 9 10 11 12 | 12.0
Fighting       | 2 3 5 6 8 10 11 13 14 | 14.0
Dodging        | 3 5 7 9 11 13 15 16 | 16.1
Armour         | 5 6 9 |  9.1
Invocations    | 1 5 8 9 |  9.9
Shields        | 2 |  2.6
Stealth        | |  1.5

Action                     |  1- 3 |  4- 6 |  7- 9 | 10-12 | 13-15 | 16-18 || total
---------------------------+-------+-------+-------+-------+-------+-------++-------
  Melee: Dagger            |    15 |       |       |       |       |       ||    15
         Staff             |       |     3 |     6 |     1 |     3 |     4 ||    17
         Unarmed           |       |       |       |       |       |     1 ||     1
   Cast: Sandblast         |    46 |    65 |   140 |    94 |    28 |     6 ||   379
         Foxfire           |       |    12 |       |       |       |     1 ||    13
         Stone Arrow       |       |     3 |    53 |   161 |   480 |   187 ||   884
         Brom's Barrelling |       |       |     4 |    30 |     6 |     2 ||    42
         Fulminant Prism   |       |       |     1 |    23 |    31 |    17 ||    72
         Petrify           |       |       |       |     2 |     3 |       ||     5
         Summon Mana Viper |       |       |       |    21 |    94 |    32 ||   147
         Lesser Beckoning  |       |       |       |     2 |       |       ||     2
         Alistair's Intoxi |       |       |       |       |     4 |     2 ||     6
         Conjure Ball Ligh |       |       |       |       |     3 |     1 ||     4
  Evoke: Wand              |       |       |       |       |     3 |     6 ||     9
    Use: Scroll            |       |     8 |     5 |     7 |     2 |     2 ||    24
         Potion            |       |     5 |     1 |     1 |       |    10 ||    17
 Armour: Robe              |    16 |    40 |    11 |       |       |       ||    67
         Leather armour    |       |       |    63 |    83 |   132 |       ||   278
         Swamp dragon scal |       |       |       |       |    26 |   105 ||   131
  Dodge: Dodged            |    18 |    28 |    78 |   122 |   363 |   144 ||   753
  Block: Other             |       |       |    21 |    30 |    99 |    20 ||   170
         Reflection        |       |       |       |     5 |     3 |       ||     8

Table legend: (Time is in decaauts)
 A = Elapsed time spent in this place.
 B = Non-inter-level travel time spent in this place.
 C = Inter-level travel time spent in this place.
 D = Time resting spent in this place.
 E = Time spent auto-exploring this place.
 F = Levels seen in this place.
 G = Mean time per level.
                   A        B        C        D        E       F      G
               +--------+--------+--------+--------+--------+-----+--------+
         Total |  22208 |  21104 |   1104 |   2324 |  12986 |  26 |  854.2 |
       Dungeon |  12924 |  12305 |    619 |   1495 |   7992 |  13 |  994.2 |
        Temple |     43 |     22 |     21 |      0 |      0 |   1 |   43.0 |
          Lair |   5704 |   5488 |    216 |    399 |   3730 |   5 | 1140.8 |
  Orcish Mines |   2116 |   1869 |    247 |    256 |    919 |   2 | 1058.0 |
   Elven Halls |    249 |    249 |      0 |     43 |     61 |   1 |  249.0 |
         Abyss |    237 |    237 |      0 |      0 |      0 |   1 |  237.0 |
         Sewer |     81 |     81 |      0 |      0 |     23 |   1 |   81.0 |
       Ossuary |    192 |    192 |      0 |      0 |     26 |   1 |  192.0 |
      Ice Cave |    658 |    658 |      0 |    131 |    235 |   1 |  658.0 |
               +--------+--------+--------+--------+--------+-----+--------+

Top non-repeatable levels by time:
  Lair:5: 1454 daAuts
     D:7: 1404 daAuts
  Lair:4: 1367 daAuts
   Orc:2: 1338 daAuts
     D:5: 1232 daAuts
    D:10: 1217 daAuts
     D:4: 1142 daAuts
  Lair:3: 1142 daAuts
     D:3: 1140 daAuts
     D:1: 1112 daAuts
    D:12: 1000 daAuts
     D:2: 985 daAuts
  Lair:2: 972 daAuts
     D:9: 924 daAuts
     D:6: 906 daAuts
